 Dungeon Crawl Stone Soup version 0.29.1 (webtiles) character file.

Game seed: 4431291958475640113

4357 qw the Cleaver (level 10, 0/88 HPs)
             Began as a Minotaur Berserker on Sept 13, 2022.
             Was a Priest of Trog.
             Slain by a steam dragon (1 damage)
             ... summoned by an orange crystal statue
             ... while paralysed
             ... on level 9 of the Dungeon.
             The game lasted 00:03:30 (9097 turns).

qw the Cleaver (Minotaur Berserker)                 Turns: 9097, Time: 00:03:30

Health: 0/88       AC: 15    Str: 27      XL:     10   Next: 12%
Magic:  0/9        EV:  2    Int:  0 (4)  God:    Trog [***...]
Gold:   330        SH:  0    Dex:  9      Spells: 9/9 levels left

rFire   + . .      SeeInvis .   Y - +2 hand axe
rCold   . . .      Faith    .   l - +0 buckler
rNeg    . . .      Spirit   .   g - +0 plate armour
rPois   .          Reflect  .   (helmet restricted)
rElec   .          Harm     .   (no cloak)
rCorr   .          Rampage  .   j - +0 pair of gloves
Will    .....                   m - +0 pair of boots
Stlth   ..........              (no amulet)
HPRegen 0.24/turn               i - ring of protection from fire
MPRegen 0.11/turn               (no ring)

@: paralysed, on berserk cooldown, slowed, lost intelligence, unable to read
A: horns 2, retaliatory headbutt
a: Renounce Religion, Berserk, Trog's Hand


You were on level 9 of the Dungeon.
You worshipped Trog.
Trog was most pleased with you.
You visited 1 branch of the dungeon, and saw 9 of its levels.

You collected 330 gold pieces.


Innate Abilities, Weirdness & Mutations

You have a pair of horns on your head.
You reflexively headbutt those who attack you in melee.


   Skills:
 - Level 8.0 Fighting
 + Level 13.7 Axes
 - Level 1.0 Throwing
 - Level 7.0 Armour
 - Level 2.1 Dodging
 - Level 5.7 Shields


You had 9 spell levels left.
You didn't know any spells.
Your spell library was empty.

Inventory:

Hand Weapons
 k - a +1 morningstar of protection
 Y - a +2 hand axe (weapon)
Missiles
 o - 4 boomerangs (quivered)
Armour
 g - a +0 plate armour (worn)
 j - a +0 pair of gloves (worn)
 l - a +0 buckler (worn)
 m - a +0 pair of boots (worn)
Jewellery
 i - a ring of protection from fire (left hand)
 n - a +6 ring of strength
Scrolls
 b - 3 scrolls of teleportation
 c - 3 scrolls of identify
Potions
 a - a potion of cancellation
 e - a potion of resistance
 f - 2 potions of heal wounds
 h - a potion of haste

Dungeon Overview and Level Annotations

Branches:
Dungeon (9/15)             Temple (0/1) D:6
   Lair: D:8-11         Orc: D:9-12

Altars:
Cheibriados
Dithmenos
Elyvilon
Fedhas
Makhleb
The Shining One

Shops:
D:3 :

Annotations:
D:5 1 runed translucent door, Crazy Yiuf


Message History

You hit the steam dragon. You hit the yak.
You hit the orc warrior but do no damage.
You hit the yak. x2; You slash the yak! The yak gores you but does no damage.
The orc warrior barely misses you. The yak gores you.
The yak gores you but does no damage.
The steam dragon bites you but does no damage.
The steam dragon claws you but does no damage.
The yak gores you.
You hit the yak. You headbutt the yak, but do no damage.
The yak is almost dead.
You hit the orc warrior but do no damage.
You hit the yak. x2; You hit the yak but do no damage.
You hit the steam dragon.
You hit the orange crystal statue but do no damage.
The steam dragon bites you. The steam dragon barely misses you.
The orange crystal statue fixes its piercing gaze on you.
You feel your power leaking away.
The orc warrior hits you but does no damage.
The yak gores you! x2; The yak gores you but does no damage.
The yak barely misses you.
You slash the yak!
You kill the yak!
The yak's corpse dissolves into shadows!
You hit the orc warrior. You hit the yak. You barely miss the yak.
You hit the yak. You closely miss the steam dragon.
You hit the orange crystal statue.
The orc warrior hits you with a +0 scimitar!
You block the steam dragon's attack. x2; The yak gores you!
The yak gores you but does no damage. x2
The orange crystal statue glitters topaz in the dim dungeon light.
The orange crystal statue fixes its piercing gaze on you.
You feel dopey.
You have lost your intelligence.
Something feeds on your intellect!
The steam dragon bites you but does no damage.
The steam dragon claws you but does no damage.
The yak barely misses you.
The orc warrior hits you but does no damage.
The yak gores you but does no damage.
The steam dragon bites you but does no damage.
The steam dragon claws you.
You die...

#############
#...........#
####...........#
#...............
#...........$...
#########.......Y.......
........+......Y.8......
.########......Y@Y......
.# #......)Do......
#########.............$.
............)...........
###########.............
##### #........#.....
....# #.......##.....
..#.# #.......# .....
###.# #.(.....# ..


You could see an orange crystal statue, 4 yaks, a steam dragon (summoned) and an
orc warrior.

Vanquished Creatures
  Grinder (D:3)
  A slime creature (D:6)
  Prince Ribbit (D:7)
  Sigmund (D:3)
  Edmund (D:5)
  An acid dragon (D:9)
  A water moccasin (D:7)
  2 black bears (D:6)
  5 ice beasts
  2 sky beasts
  An ogre (D:4)
  5 centaurs
  A phantom (D:5)
  2 kobold brigands
  Blork the orc (D:5)
  2 scorpions (D:5)
  2 necrophages (D:8)
  6 killer bees (D:8)
  4 hounds
  2 gnoll boudas
  4 orc priests
  4 jellies
  Jessica (D:3)
  4 iguanas
  9 orc wizards
  Ijyb (D:3)
  Robin (D:3)
  13 gnolls
  6 adders
  A shadow imp (D:6)
  3 white imps
  2 ufetubi
  4 worms
  2 dart slugs
  36 orcs
  9 bats
  16 endoplasms
  2 giant cockroaches (D:4)
  16 goblins
  12 hobgoblins
  2 jackals (D:2)
  11 kobolds
  A quokka (D:3)
  9 ball pythons
  2 frilled lizards
  5 rats
218 creatures vanquished.

Vanquished Creatures (others)
  8 fungi (D:6)
8 creatures vanquished.

Grand Total: 226 creatures vanquished

Notes
Turn   | Place    | Note
-------+----------+-------------------------------------------
     0 | D:1      | qw the Minotaur Berserker began the quest for the Orb.
     0 | D:1      | Reached XP level 1. HP: 19/19 MP: 0/0
     0 | D:1      | 0 ||| qw: Version: 0.1-a-119-g272c26d
     0 | D:1      | 0 ||| qw: Game counter: 11299
     0 | D:1      | 0 ||| qw: Always use a shield: true
     0 | D:1      | 0 ||| qw: Do Orc after D:15 true
     0 | D:1      | 0 ||| qw: Do second Lair branch before Depths: true
     0 | D:1      | 0 ||| qw: Lair rune preference: random
     0 | D:1      | 0 ||| qw: Plans: Normal
     0 | D:1      | 0 ||| PLANNING D:1-11
   258 | D:1      | Reached skill level 4 in Axes
   260 | D:1      | 260 ||| Stepping ~*~*~tactically~*~*~ (hiding).
   263 | D:1      | 263 ||| INVOKING Berserk.
   266 | D:1      | Reached XP level 2. HP: 26/26 MP: 1/1
   302 | D:1      | 302 ||| Stepping ~*~*~tactically~*~*~ (stealth).
   303 | D:1      | 303 ||| Stepping ~*~*~tactically~*~*~ (hiding).
   307 | D:1      | 307 ||| Stepping ~*~*~tactically~*~*~ (stealth).
   308 | D:1      | 308 ||| Stepping ~*~*~tactically~*~*~ (hiding).
   312 | D:1      | 312 ||| Stepping ~*~*~tactically~*~*~ (stealth).
   313 | D:1      | 313 ||| Stepping ~*~*~tactically~*~*~ (hiding).
   326 | D:1      | 326 ||| Stepping ~*~*~tactically~*~*~ (stealth).
   488 | D:1      | Reached skill level 5 in Axes
   556 | D:1      | Found a faded altar of an unknown god.
   675 | D:1      | 675 ||| UPGRADING to +0 plate armour.
   685 | D:1      | 685 ||| DROPPING +0 animal skin.
   686 | D:1      | 686 ||| DROPPING scarf of invisibility.
   687 | D:1      | 687 ||| UPGRADING to +0 pair of gloves.
   692 | D:1      | 692 ||| READING scroll labelled KITALIZEFO.
   693 | D:1      | 693 ||| READING scroll labelled ZUYLULYRCHI.
   694 | D:1      | 694 ||| DRINKING 2 pink potions.
   709 | D:2      | Reached XP level 3. HP: 31/31 MP: 2/2
   748 | D:2      | 748 ||| Stepping ~*~*~tactically~*~*~ (stealth).
   750 | D:2      | 750 ||| INVOKING Berserk.
   826 | D:2      | 826 ||| Stepping ~*~*~tactically~*~*~ (stealth).
   859 | D:2      | 859 ||| Stepping ~*~*~tactically~*~*~ (stealth).
   861 | D:2      | 861 ||| Stepping ~*~*~tactically~*~*~ (stealth).
   879 | D:2      | 879 ||| Stepping ~*~*~tactically~*~*~ (stealth).
   883 | D:2      | 883 ||| Stepping ~*~*~tactically~*~*~ (stealth).
   973 | D:2      | 973 ||| INVOKING Berserk.
  1152 | D:2      | 1152 ||| Stepping ~*~*~tactically~*~*~ (hiding).
  1155 | D:2      | 1155 ||| INVOKING Berserk.
  1163 | D:2      | Reached skill level 6 in Axes
  1163 | D:2      | Reached XP level 4. HP: 39/39 MP: 3/3
  1312 | D:2      | 1312 ||| Stepping ~*~*~tactically~*~*~ (stealth).
  1318 | D:2      | 1318 ||| Stepping ~*~*~tactically~*~*~ (stealth).
  1327 | D:2      | Identified the +4 spear of the Extremes {drain, Int+3}
  1543 | D:2      | 1543 ||| DROPPING ring of flight.
  1544 | D:2      | 1544 ||| READING scroll labelled MAPRUI BILANOI.
  1548 | D:2      | 1548 ||| READING scroll labelled JUT EKHLAWIATO.
  1549 | D:2      | 1549 ||| READING scroll labelled ARU UTEMACKUT.
  1550 | D:2      | 1550 ||| Stepping randomly (stuck).
  1551 | D:2      | 1551 ||| Stepping ~*~*~tactically~*~*~ (cloud).
  1735 | D:3      | Noticed Grinder
  1736 | D:3      | Paralysed by Grinder for 4 turns
  1740 | D:3      | 1740 ||| INVOKING Berserk.
  1745 | D:3      | Killed Grinder
  1746 | D:3      | Reached skill level 8 in Axes
  1746 | D:3      | Reached XP level 5. HP: 45/45 MP: 4/4
  1746 | D:3      | Reached XP level 6. HP: 51/51 MP: 5/5
  1850 | D:3      | Noticed Ijyb
  1851 | D:3      | 1851 ||| Stepping ~*~*~tactically~*~*~ (hiding).
  1852 | D:3      | 1852 ||| Stepping ~*~*~tactically~*~*~ (hiding).
  1853 | D:3      | Paralysed by Ijyb for 5 turns
  1859 | D:3      | 1859 ||| INVOKING Berserk.
  1863 | D:3      | Killed Ijyb
  2001 | D:3      | 2001 ||| Stepping ~*~*~tactically~*~*~ (hiding).
  2010 | D:3      | Reached skill level 3 in Armour
  2033 | D:3      | Noticed Sigmund
  2036 | D:3      | 2036 ||| Stepping ~*~*~tactically~*~*~ (hiding).
  2038 | D:3      | 2038 ||| INVOKING Berserk.
  2042 | D:3      | Killed Sigmund
  2228 | D:3      | Found Ycwaps's Vocational Training.
  2230 | D:3      | Noticed Jessica
  2239 | D:3      | Killed Jessica
  2240 | D:3      | Reached XP level 7. HP: 57/61 MP: 6/6
  2354 | D:3      | 2354 ||| Stepping ~*~*~tactically~*~*~ (stealth).
  2494 | D:3      | 2494 ||| Stepping ~*~*~tactically~*~*~ (stealth).
  2496 | D:3      | 2496 ||| Stepping ~*~*~tactically~*~*~ (stealth).
  2500 | D:3      | 2500 ||| Stepping ~*~*~tactically~*~*~ (stealth).
  2513 | D:3      | 2513 ||| Stepping ~*~*~tactically~*~*~ (stealth).
  2514 | D:3      | 2514 ||| DROPPING +0 club.
  2515 | D:3      | 2515 ||| INVOKING Berserk.
  2520 | D:3      | Reached skill level 9 in Axes
  2569 | D:3      | Noticed Robin
  2570 | D:3      | 2570 ||| INVOKING Berserk.
  2572 | D:3      | Killed Robin
  2775 | D:3      | 2775 ||| READING 2 scrolls labelled FEEROU OCLA.
  2776 | D:3      | 2776 ||| READING scroll labelled OFFOCESUINE.
  2777 | D:3      | 2777 ||| READING scroll labelled PEAFAPT ECWUOK.
  2778 | D:3      | 2778 ||| DROPPING scroll of vulnerability.
  2832 | D:4      | Found a shadowy altar of Dithmenos.
  2855 | D:4      | Found a snail-covered altar of Cheibriados.
  2885 | D:4      | 2885 ||| INVOKING Berserk.
  2907 | D:4      | 2907 ||| Stepping ~*~*~tactically~*~*~ (stealth).
  2916 | D:4      | 2916 ||| Stepping ~*~*~tactically~*~*~ (stealth).
  2917 | D:4      | 2917 ||| Stepping ~*~*~tactically~*~*~ (stealth).
  2935 | D:4      | 2935 ||| Stepping ~*~*~tactically~*~*~ (stealth).
  2943 | D:4      | 2943 ||| Stepping ~*~*~tactically~*~*~ (stealth).
  3033 | D:4      | 3033 ||| Stepping ~*~*~tactically~*~*~ (hiding).
  3034 | D:4      | 3034 ||| Stepping ~*~*~tactically~*~*~ (hiding).
  3038 | D:4      | 3038 ||| INVOKING Berserk.
  3369 | D:4      | 3369 ||| Stepping ~*~*~tactically~*~*~ (hiding).
  3370 | D:4      | 3370 ||| Stepping ~*~*~tactically~*~*~ (hiding).
  3381 | D:4      | Reached ** piety under Trog
  3382 | D:4      | Reached skill level 10 in Axes
  3390 | D:4      | 3390 ||| Stepping ~*~*~tactically~*~*~ (stealth).
  3391 | D:4      | 3391 ||| Stepping ~*~*~tactically~*~*~ (stealth).
  3405 | D:4      | Reached XP level 8. HP: 66/70 MP: 7/7
  3459 | D:4      | 3459 ||| UPGRADING to +0 buckler.
  3464 | D:4      | 3464 ||| DRINKING 3 inky potions.
  3465 | D:4      | 3465 ||| DRINKING 2 metallic emerald potions.
  3466 | D:4      | 3466 ||| READING 2 scrolls of identify.
  3466 | D:4      | 3466 ||| IDENTIFYING bubbling cyan potion
  3467 | D:4      | 3467 ||| DROPPING potion of lignification.
  3494 | D:5      | Entered Level 5 of the Dungeon
  3503 | D:5      | 3503 ||| Stepping ~*~*~tactically~*~*~ (stealth).
  3646 | D:5      | Noticed Edmund
  3648 | D:5      | 3648 ||| Stepping ~*~*~tactically~*~*~ (stealth).
  3652 | D:5      | 3652 ||| INVOKING Berserk.
  3657 | D:5      | Killed Edmund
  3658 | D:5      | Reached skill level 3 in Shields
  3660 | D:5      | Reached skill level 6 in Fighting
  3781 | D:5      | 3781 ||| Stepping ~*~*~tactically~*~*~ (hiding).
  3795 | D:5      | 3795 ||| Stepping ~*~*~tactically~*~*~ (hiding).
  3806 | D:5      | 3806 ||| Stepping ~*~*~tactically~*~*~ (stealth).
  3818 | D:5      | Noticed Blork the orc
  3819 | D:5      | 3819 ||| Stepping ~*~*~tactically~*~*~ (hiding).
  3826 | D:5      | 3826 ||| INVOKING Berserk.
  3832 | D:5      | Killed Blork the orc
  3876 | D:5      | Reached skill level 11 in Axes
  3952 | D:5      | 3952 ||| Stepping ~*~*~tactically~*~*~ (stealth).
  4007 | D:5      | 4007 ||| Stepping ~*~*~tactically~*~*~ (stealth).
  4011 | D:5      | 4011 ||| Stepping ~*~*~tactically~*~*~ (hiding).
  4127 | D:5      | 4127 ||| Stepping ~*~*~tactically~*~*~ (hiding).
  4138 | D:5      | 4138 ||| Stepping ~*~*~tactically~*~*~ (hiding).
  4156 | D:5      | Found a blossoming altar of Fedhas.
  4255 | D:5      | Found a glowing golden altar of the Shining One.
  4332 | D:5      | Found a runed translucent door.
  4333 | D:5      | Noticed Crazy Yiuf
  4379 | D:5      | 4379 ||| DRINKING 5 potions of curing.
  4379 | D:5      | 4379 ||| (to cure confusion)
  4537 | D:5      | Found a burning altar of Makhleb.
  4595 | D:5      | 4595 ||| DRINKING 2 emerald potions.
  4596 | D:5      | 4596 ||| READING 4 scrolls of identify.
  4596 | D:5      | 4596 ||| IDENTIFYING sedimented red potion
  4597 | D:5      | 4597 ||| READING 3 scrolls of identify.
  4597 | D:5      | 4597 ||| IDENTIFYING yellow potion
  4598 | D:5      | 4598 ||| READING 2 scrolls of identify.
  4598 | D:5      | 4598 ||| IDENTIFYING white potion
  4599 | D:5      | 4599 ||| DROPPING potion of attraction.
  4600 | D:5      | 4600 ||| DROPPING potion of degeneration.
  4601 | D:5      | 4601 ||| DROPPING potion of invisibility.
  4701 | D:6      | Found a staircase to the Ecumenical Temple.
  4720 | D:6      | 4720 ||| INVOKING Berserk.
  4846 | D:6      | 4846 ||| Stepping ~*~*~tactically~*~*~ (hiding).
  4848 | D:6      | 4848 ||| Stepping ~*~*~tactically~*~*~ (hiding).
  4849 | D:6      | 4849 ||| Stepping ~*~*~tactically~*~*~ (hiding).
  4850 | D:6      | 4850 ||| Stepping ~*~*~tactically~*~*~ (hiding).
  4851 | D:6      | 4851 ||| Stepping ~*~*~tactically~*~*~ (hiding).
  4864 | D:6      | 4864 ||| INVOKING Berserk.
  5065 | D:6      | Reached skill level 12 in Axes
  5126 | D:6      | 5126 ||| Stepping ~*~*~tactically~*~*~ (hiding).
  5135 | D:6      | Reached XP level 9. HP: 62/75 MP: 8/8
  5135 | D:6      | 5135 ||| FLEEEEING.
  5138 | D:6      | 5138 ||| FLEEEEING.
  5139 | D:6      | 5139 ||| FLEEEEING.
  5140 | D:6      | 5140 ||| FLEEEEING.
  5141 | D:6      | 5141 ||| FLEEEEING.
  5145 | D:6      | 5145 ||| FLEEEEING.
  5146 | D:6      | 5146 ||| FLEEEEING.
  5147 | D:6      | 5147 ||| FLEEEEING.
  5148 | D:6      | 5148 ||| FLEEEEING.
  5149 | D:6      | 5149 ||| FLEEEEING.
  5156 | D:6      | 5156 ||| FLEEEEING.
  5157 | D:6      | 5157 ||| FLEEEEING.
  5158 | D:6      | 5158 ||| FLEEEEING.
  5159 | D:6      | 5159 ||| FLEEEEING.
  5160 | D:6      | 5160 ||| FLEEEEING.
  5161 | D:6      | 5161 ||| FLEEEEING.
  5162 | D:6      | 5162 ||| FLEEEEING.
  5173 | D:6      | 5173 ||| FLEEEEING.
  5186 | D:6      | 5186 ||| FLEEEEING.
  5187 | D:6      | 5187 ||| FLEEEEING.
  5188 | D:6      | 5188 ||| FLEEEEING.
  5189 | D:6      | 5189 ||| FLEEEEING.
  5190 | D:6      | 5190 ||| FLEEEEING.
  5191 | D:6      | 5191 ||| FLEEEEING.
  5192 | D:6      | 5192 ||| FLEEEEING.
  5193 | D:6      | 5193 ||| FLEEEEING.
  5195 | D:6      | 5195 ||| FLEEEEING.
  5198 | D:6      | 5198 ||| FLEEEEING.
  5199 | D:6      | 5199 ||| FLEEEEING.
  5200 | D:6      | 5200 ||| FLEEEEING.
  5201 | D:6      | 5201 ||| FLEEEEING.
  5202 | D:6      | 5202 ||| FLEEEEING.
  5205 | D:6      | 5205 ||| FLEEEEING.
  5206 | D:6      | 5206 ||| FLEEEEING.
  5207 | D:6      | 5207 ||| FLEEEEING.
  5208 | D:6      | 5208 ||| FLEEEEING.
  5209 | D:6      | 5209 ||| FLEEEEING.
  5210 | D:6      | 5210 ||| FLEEEEING.
  5211 | D:6      | 5211 ||| FLEEEEING.
  5212 | D:6      | 5212 ||| FLEEEEING.
  5213 | D:6      | 5213 ||| FLEEEEING.
  5214 | D:6      | 5214 ||| FLEEEEING.
  5215 | D:6      | 5215 ||| FLEEEEING.
  5221 | D:6      | 5221 ||| FLEEEEING.
  5222 | D:6      | 5222 ||| FLEEEEING.
  5223 | D:6      | 5223 ||| FLEEEEING.
  5224 | D:6      | 5224 ||| FLEEEEING.
  5225 | D:6      | 5225 ||| FLEEEEING.
  5226 | D:6      | 5226 ||| STAIRDANCE
  5479 | D:5      | 5479 ||| READING scroll labelled REOHORPH ASKIRING.
  5513 | D:6      | 5513 ||| STAIRDANCE
  5963 | D:6      | 5963 ||| INVOKING Berserk.
  5978 | D:6      | Reached skill level 6 in Armour
  5982 | D:6      | Reached *** piety under Trog
  6311 | D:6      | 6311 ||| INVOKING Berserk.
  6706 | D:6      | 6706 ||| READING scroll labelled PACIOR YSHRIRO.
  6707 | D:6      | 6707 ||| READING scroll labelled LIXYUT SINORAM.
  6708 | D:6      | 6708 ||| READING 2 scrolls of identify.
  6708 | D:6      | 6708 ||| IDENTIFYING viscous red potion
  6734 | D:7      | 6734 ||| Stepping ~*~*~tactically~*~*~ (hiding).
  6740 | D:7      | 6740 ||| INVOKING Berserk.
  6908 | D:7      | 6908 ||| DRINKING 4 potions of curing.
  6908 | D:7      | 6908 ||| (to cure confusion)
  6914 | D:7      | Reached skill level 13 in Axes
  6933 | D:7      | 6933 ||| DRINKING 3 potions of curing.
  6933 | D:7      | 6933 ||| (to cure confusion)
  6967 | D:7      | 6967 ||| Stepping ~*~*~tactically~*~*~ (stealth).
  6979 | D:7      | 6979 ||| Stepping ~*~*~tactically~*~*~ (stealth).
  6990 | D:7      | 6990 ||| FLEEEEING.
  6991 | D:7      | 6991 ||| FLEEEEING.
  6992 | D:7      | 6992 ||| FLEEEEING.
  6993 | D:7      | 6993 ||| FLEEEEING.
  6994 | D:7      | 6994 ||| FLEEEEING.
  6997 | D:7      | 6997 ||| FLEEEEING.
  6998 | D:7      | 6998 ||| FLEEEEING.
  6999 | D:7      | 6999 ||| FLEEEEING.
  7000 | D:7      | 7000 ||| FLEEEEING.
  7001 | D:7      | 7001 ||| FLEEEEING.
  7002 | D:7      | 7002 ||| FLEEEEING.
  7003 | D:7      | 7003 ||| FLEEEEING.
  7004 | D:7      | 7004 ||| FLEEEEING.
  7005 | D:7      | 7005 ||| FLEEEEING.
  7006 | D:7      | 7006 ||| FLEEEEING.
  7007 | D:7      | 7007 ||| FLEEEEING.
  7008 | D:7      | 7008 ||| FLEEEEING.
  7009 | D:7      | 7009 ||| FLEEEEING.
  7010 | D:7      | 7010 ||| FLEEEEING.
  7011 | D:7      | 7011 ||| FLEEEEING.
  7012 | D:7      | 7012 ||| FLEEEEING.
  7013 | D:7      | 7013 ||| FLEEEEING.
  7015 | D:7      | 7015 ||| FLEEEEING.
  7016 | D:7      | 7016 ||| FLEEEEING.
  7018 | D:7      | 7018 ||| FLEEEEING.
  7020 | D:7      | 7020 ||| STAIRDANCE
  7064 | D:7      | Found the +7 staff of the Meek {protect, meekguard}
  7075 | D:7      | 7075 ||| Stepping ~*~*~tactically~*~*~ (stealth).
  7117 | D:7      | 7117 ||| Stepping ~*~*~tactically~*~*~ (stealth).
  7118 | D:7      | 7118 ||| Stepping ~*~*~tactically~*~*~ (hiding).
  7124 | D:7      | 7124 ||| INVOKING Berserk.
  7256 | D:7      | 7256 ||| READING scroll of enchant weapon.
  7256 | D:7      | 7256 ||| ENCHANTING +1 hand axe.
  7303 | D:7      | 7303 ||| INVOKING Berserk.
  7420 | D:7      | Found a white marble altar of Elyvilon.
  7531 | D:7      | Noticed Prince Ribbit
  7533 | D:7      | 7533 ||| INVOKING Berserk.
  7535 | D:7      | Killed Prince Ribbit
  7543 | D:7      | 7543 ||| FLEEEEING.
  7544 | D:7      | 7544 ||| FLEEEEING.
  7545 | D:7      | 7545 ||| FLEEEEING.
  7546 | D:7      | 7546 ||| FLEEEEING.
  7547 | D:7      | 7547 ||| FLEEEEING.
  7550 | D:7      | 7550 ||| STAIRDANCE
  7652 | D:6      | 7652 ||| UPGRADING to +0 pair of boots.
  7657 | D:6      | 7657 ||| UPGRADING to ring of protection from fire.
  7853 | D:8      | 7853 ||| Stepping ~*~*~tactically~*~*~ (hiding).
  7891 | D:8      | Reached skill level 1 in Throwing
  8159 | D:8      | 8159 ||| Stepping ~*~*~tactically~*~*~ (stealth).
  8177 | D:8      | Reached XP level 10. HP: 65/88 MP: 9/9
  8441 | D:8      | 8441 ||| Stepping ~*~*~tactically~*~*~ (hiding).
  8449 | D:8      | 8449 ||| Stepping ~*~*~tactically~*~*~ (hiding).
  8457 | D:8      | 8457 ||| Stepping ~*~*~tactically~*~*~ (hiding).
  8465 | D:8      | 8465 ||| INVOKING Berserk.
  8796 | D:8      | 8796 ||| Stepping ~*~*~tactically~*~*~ (stealth).
  8798 | D:8      | 8798 ||| Stepping ~*~*~tactically~*~*~ (stealth).
  8839 | D:8      | 8839 ||| READING 4 scrolls of identify.
  8839 | D:8      | 8839 ||| IDENTIFYING smoky amethyst potion
  8840 | D:8      | 8840 ||| DROPPING potion of brilliance.
  8900 | D:9      | 8900 ||| Stepping ~*~*~tactically~*~*~ (hiding).
  9059 | D:9      | Noticed an orange crystal statue
  9060 | D:9      | Noticed a two-headed ogre
  9067 | D:9      | 9067 ||| INVOKING Berserk.
  9083 | D:9      | 9083 ||| DRINKING 2 potions of curing.
  9083 | D:9      | 9083 ||| (to cure confusion)
  9089 | D:9      | 9089 ||| DRINKING potion of curing.
  9089 | D:9      | 9089 ||| (to cure confusion)
  9095 | D:9      | HP: 13/88 [orc warrior/+0 scimitar (11)]
  9095 | D:9      | HP: 1/88 [yak[an orange crystal statue] (12)]
  9095 | D:9      | Lost intelligence.
  9097 | D:9      | Slain by a steam dragon

Levels and vault maps discovered:
D:1:      minmay_arrival_shoal_huts, layout_rooms,
          hellmonk_ecumenical_altar_crossroads
D:2:      layout_basic, minmay_pentomino_x2
D:3:      layout_rooms, nicolae_shop_vocational, uniq_grinder, uniq_robin,
          uniq_sigmund, uniq_ijyb, uniq_jessica
D:4:      layout_rooms, mainiacjoe_overflow_six_doors_small,
          kennysheep_little_box, chequers_serial_rivers_micro_e,
          minmay_manual_mares
D:5:      layout_rooms, mainiacjoe_overflow_boulevard,
          mainiacjoe_overflow_cross_hatched, kennysheep_mini,
          hangedman_abyss_or_decor_lesser_grid, uniq_edmund,
          uniq_crazy_yiuf_cottage, uniq_blork_the_orc
D:6:      lemuel_slime, layout_basic, temple_doors_e, grunt_decor_one_mirror
D:7:      layout_cave_pools, elyvilon_altar_1, uniq_prince_ribbit1
D:8:      layout_loops_ring, enter_bailey_5, minmay_misc_feat_enclosed,
          minmay_misc_feat_room
D:9:      layout_basic, nzn_wu_jian_contemplation,
          mainiacjoe_overflow_small_starburst, david_orc_1_choice, minivault_16,
          statue_in_the_mist_lemuel, hellmonk_bongcloud_opening, uniq_maurice

Skill      XL: |  1  2  3  4  5  6  7  8  9 |
---------------+----------------------------+-----
Axes           | 4 5 6 8 10 12 13 | 13.7
Armour         | 3 4 5 7 |  7.0
Fighting       | 5 6 8 |  8.0
Shields        | 4 5 |  5.7
Throwing       | 1 |  1.0
Dodging        | |  2.1

Action                   |  1- 3 |  4- 6 |  7- 9 | 10-12 || total
-------------------------+-------+-------+-------+-------++-------
Melee: Hand axe          |    60 |    62 |   431 |    82 ||   635
       Headbutt          |    10 |    10 |    64 |    17 ||   101
       Punch             |     1 |       |     2 |       ||     3
Throw: Boomerang         |       |       |     7 |       ||     7
Invok: Berserk           |     4 |     3 |    14 |     2 ||    23
  Use: Scroll            |     2 |     3 |    12 |     1 ||    18
       Potion            |     1 |       |     6 |     2 ||     9
Armor: Animal skin       |     2 |       |       |       ||     2
       Plate armour      |    21 |    30 |   203 |    60 ||   314
Dodge: Dodged            |    23 |    17 |    81 |    36 ||   157
Block: Buckler           |       |       |    38 |    22 ||    60

Table legend:
 A = Non-vault XP
 B = Vault XP
 C = Vault XP percentage of total XP
 D = Non-vault monster count
 E = Vault monster count
 F = Vault count percentage of total count
                 A         B        C        D         E       F
            +---------+---------+-------+---------+---------+-------
      Total |    4427 |    1798 |  28.9 |     174 |      44 |  20.2
            +---------+---------+-------+---------+---------+-------
        D:1 |      38 |       0 |   0.0 |      14 |       0 |   0.0
        D:2 |      82 |       1 |   1.2 |      23 |       1 |   4.2
        D:3 |     160 |     604 |  79.1 |      23 |      15 |  39.5
        D:4 |     355 |     222 |  38.5 |      19 |       2 |   9.5
        D:5 |     768 |     265 |  25.7 |      27 |       2 |   6.9
        D:6 |    1092 |     428 |  28.2 |      19 |      18 |  48.6
        D:7 |     736 |     268 |  26.7 |      26 |       1 |   3.7
        D:8 |     809 |       7 |   0.9 |      20 |       4 |  16.7
        D:9 |     387 |       3 |   0.8 |       3 |       1 |  25.0
            +---------+---------+-------+---------+---------+-------
